 Dungeon Crawl Stone Soup version 0.28.0-47-ge53b351184 (webtiles) character file.

Game seed: 10904882501098581860

49 Icepheonix32 the Chiller (level 3, -4/24 HPs)
             Began as a Demonspawn Ice Elementalist on May 5, 2022.
             Slain by Robin
             ... wielding a +0 falchion of holy wrath
              (6 damage)
             ... on level 2 of the Dungeon.
             The game lasted 00:02:29 (1883 turns).

Icepheonix32 the Chiller (DsIE)                     Turns: 1883, Time: 00:02:29

Health: -4/24      AC:  4    Str:  8    XL:     3   Next: 51%
Magic:  4/6        EV: 12    Int: 18    God:
Gold:   55         SH:  0    Dex: 13    Spells: 2/6 levels left

rFire   . . .      SeeInvis .   g - staff of cold
rCold   + . .      Faith    .   (no shield)
rNeg    . . .      Spirit   .   a - +0 robe
rPois   .          Reflect  .   e - +0 helmet
rElec   .          Harm     .   (no cloak)
rCorr   .          Rampage  .   (no gloves)
Will    .....                   h - +0 pair of boots
Stlth   ++........              (no amulet)
HPRegen 0.08/turn               (no ring)
MPRegen 0.10/turn               (no ring)

@: no status effects
A: ignite blood 1, demonic touch 1
a: no special abilities


You were on level 2 of the Dungeon.
You visited 1 branch of the dungeon, and saw 2 of its levels.

You collected 55 gold pieces.

Inventory:

Armour
 a - a +0 robe (worn)
 b - a +0 tower shield
 e - a +0 helmet (worn)
 h - a +0 pair of boots (worn)
 i - a +0 kite shield
Magical Staves
 g - a staff of cold (weapon)
Scrolls
 d - a scroll of teleportation {unknown}
 j - a scroll of identify {unknown}
 k - a scroll of enchant weapon {unknown}
Potions
 c - 2 potions of heal wounds
 f - a potion of curing {unknown}


   Skills:
 * Level 0.2 Fighting
 - Level 1.7 Dodging
 - Level 1.7 Stealth
 * Level 0.2 Unarmed Combat
 - Level 2.0 Spellcasting
 * Level 4.7 Ice Magic


You had 2 spell levels left.
You knew the following spells:

 Your Spells              Type           Power      Damage    Failure   Level
a - Freeze                Ice            100%       1d11      2%          1
b - Ozocubu's Armour      Ice            28%        N/A       8%          3

Your spell library contained the following spells:

 Spells                   Type           Power      Damage    Failure   Level
 Frozen Ramparts          Ice            56%        1d7       8%          3
 Hailstorm                Conj/Ice       15%        3d5       56%         4


Dungeon Overview and Level Annotations

Branches:
Dungeon (2/15)

Altars:

Annotations:
D:2 Robin


Innate Abilities, Weirdness & Mutations

Your demonic aura sometimes causes spilled blood to erupt in flames.
Your touch may inflict minor irresistible damage on your foes.


Message History

You hear a shout!
The hobgoblin no longer looks unusually strong.
Robin roars a battlecry!
The hobgoblin goes into a battle-frenzy!
Robin laughs in a distinctly smug fashion.
A goblin comes into view. It is wielding a +0 club.
Casting: Freeze (safe; 2% risk of failure)
Confirm with . or Enter, or press ? or * to list all spells.
Okay, then.
The goblin no longer looks unusually strong.
The hobgoblin no longer looks unusually strong.
A frilled lizard comes into view.
Casting: Freeze (safe; 2% risk of failure)
Confirm with . or Enter, or press ? or * to list all spells.
The spell is quite dangerous to miscast (8% risk of failure)!
Continue anyway?
Okay, then.
You closely miss the goblin. The goblin hits you with a +0 dagger.
Robin roars a battlecry!
The goblins go into a battle-frenzy!
You completely miss the goblin.
You touch the goblin.
The goblin is severely wounded.
The hobgoblin no longer looks unusually strong.
The goblin hits you with a +0 dagger.
Robin roars a battlecry!
The hobgoblin goes into a battle-frenzy!
The goblin barely misses you.
You hit the goblin.
You kill the goblin!
The frilled lizard closely misses you.
Unknown command.
You hit Robin. Your touch misses Robin.
Robin is lightly wounded.
The goblin no longer looks unusually strong.
Robin hits you with a +0 falchion of holy wrath.
You convulse.
The frilled lizard closely misses you.
A hobgoblin comes into view.
Robin hits you with a +0 falchion of holy wrath.
* * * LOW HITPOINT WARNING * * *
You convulse.
You die...

#.#.#....P.#.#
#g#.P........#
#.#.#...).†#.#
#.#........P.#
#g#.#P.....#.#
#g#.P##''##..#
#g#..........#
#g####...##### ##+ #@# #.###
#####.. #l####.#####...... #
#####.........##......
#.#.............##......
#.#.................:...
#...............#######.
#..|)...................
.####...............#######<
...........[........# ######


You could see Robin, 3 hobgoblins, a goblin and a frilled lizard.

Vanquished Creatures
  5 bats
  3 endoplasms (D:1)
  5 giant cockroaches
  12 goblins
  2 hobgoblins (D:2)
  3 kobolds (D:1)
  2 quokkas (D:1)
  6 ball pythons (D:1)
  2 rats
40 creatures vanquished.

Vanquished Creatures (others)
  A plant (D:2)
1 creature vanquished.

Grand Total: 41 creatures vanquished

Notes
Turn   | Place    | Note
-------+----------+-------------------------------------------
     0 | D:1      | Icepheonix32 the Demonspawn Ice Elementalist began the
                  | quest for the Orb.
     0 | D:1      | Reached XP level 1. HP: 13/13 MP: 3/3
   344 | D:1      | Reached skill level 4 in Ice Magic
   348 | D:1      | Gained mutation: Your touch may inflict minor irresistible
                  | damage on your foes. [demonic ancestry]
   348 | D:1      | Reached XP level 2. HP: 18/19 MP: 0/5
  1247 | D:1      | Gained mutation: Your demonic aura sometimes causes spilled
                  | blood to erupt in flames. [demonic ancestry]
  1247 | D:1      | Reached XP level 3. HP: 24/24 MP: 4/6
  1251 | D:1      | Learned a level 3 spell: Ozocubu's Armour
  1850 | D:2      | Noticed Robin
  1883 | D:2      | Slain by Robin

Illustrated notes

Levels and vault maps discovered:
D:1:      dpeg_arrival_boxorama, layout_basic, kennysheep_boxes
D:2:      cheibrodos_old_hovel, layout_basic, basic_ecumenical_altar,
          minmay_misc_feat_encased, uniq_robin, uniq_terence

Skill      XL: |  1 |
---------------+----+-----
Ice Magic      | 4 |  4.7
Fighting       | |  0.2
Dodging        | |  1.7
Stealth        | |  1.7
Unarmed Combat | |  0.2
Spellcasting   | |  2.0

Action                   || total
-------------------------++-------
Melee: Unarmed           ||    29
       Touch             ||    14
       Staff             ||    35
 Cast: Freeze            ||    36
  Use: Potion            ||     1
 Stab: Sleeping          ||     1
Armor: Robe              ||    40
Dodge: Dodged            ||    74
